 Dungeon Crawl Stone Soup version 0.31-a0-257-gf185e81a89 (webtiles) character file.

Game seed: 8991082228860502222

3859 qw the Skirmisher (level 9, -3/87 (88) HPs)
             Began as a Minotaur Hexslinger on July 12, 2023.
             Was an Initiate of Okawaru.
             Slain by an orc wizard
             ... wielding a +1 dagger of electrocution
              (4 damage)
             ... on level 9 of the Dungeon.
             The game lasted 00:02:55 (7523 turns).

qw the Skirmisher (Minotaur Hexslinger)             Turns: 7523, Time: 00:02:55

HP:   -3/87 (88)    AC: 10    Str: 12    XL:     9   Next: 99%
MP:   9/9           EV: 14    Int:  8    God:    Okawaru [......]
Gold: 273           SH:  0    Dex: 18    Spells: 9/10 levels left

rFire   + . .        Y - +3 orcbow
rCold   . . .        (shield currently unavailable)
rNeg    . . .        b - +0 leather armour {rF+}
rPois   .            (helmet restricted)
rElec   .            a - +0 cloak
rCorr   +            h - +1 pair of gloves
SInv    .            g - +2 pair of boots
Will    .....        (no amulet)
Stlth   +            d - ring of resist corrosion
HPRegen 0.34/turn    (no ring)
MPRegen 0.11/turn

%: no passive effects
@: about to teleport, lightly drained
A: horns 2, retaliatory headbutt, dopey 1, robust 1
a: Renounce Religion


You were on level 9 of the Dungeon.
You worshipped Okawaru.
Okawaru was noncommittal.
You visited 2 branches of the dungeon, and saw 10 of its levels.

You collected 559 gold pieces.
You spent 286 gold pieces at shops.


Innate Abilities, Weirdness & Mutations

You have a pair of horns on your head.
You reflexively headbutt those who attack you in melee.
You are dopey. (Int -2)
You are robust. (+10% HP)


   Skills:
 + Level 7.7 Fighting
 - Level 12.1 Ranged Weapons
 - Level 6.0 Armour
 - Level 5.1 Dodging
 - Level 1.0 Spellcasting
 - Level 2.0 Hexes


You had 9 spell levels left.
You knew the following spells:

 Your Spells              Type           Power      Damage    Failure   Level
a - Slow                  Hex            12%        N/A       22%         1

Your spell library contained the following spells:

 Spells                   Type           Power      Damage    Failure   Level
 Inner Flame              Hex/Fire       2%         N/A       67%         3
 Portal Projectile        Hex/Tloc       4%         N/A       67%         3
 Cause Fear               Hex            1%         N/A       91%         4

Inventory:

Hand Weapons
 Y - a +3 orcbow (weapon)
Armour
 a - a +0 cloak (worn)
 b - a +0 leather armour of fire resistance (worn)
 c - a +2 robe
 g - a +2 pair of boots (worn)
 h - a +1 pair of gloves (worn)
Jewellery
 d - a ring of resist corrosion (left hand)
 i - a ring of resist corrosion
Scrolls
 e - a scroll of identify
 j - 3 scrolls of teleportation
Potions
 f - 5 potions of curing
 l - a potion of mutation

Dungeon Overview and Level Annotations

Branches:
Dungeon (9/15)             Temple (1/1) D:4
   Lair: D:8-11         Orc: D:9-12

Altars:
Ashenzari
Cheibriados
Dithmenos
Elyvilon
Fedhas
Gozag
Hepliaklqana
Makhleb
Nemelex Xobeh
Okawaru
Qazlal
Ru
Sif Muna
Trog
Uskayaw
Vehumet
Wu Jian
Xom
Yredelemnul
Zin
The Shining One

Shops:
D:5 (([?

Portals:
Bailey: D:9

Annotations:
D:5 2 transporters


Message History

You hear the loud creaking of a distant portcullis.
The orc wizard completely misses you. The wight misses you.
The wight hits you from afar with a +2 spear.
The yak barely misses you.
You shoot an arrow. The arrow closely misses the yak.
The arrow hits the two-headed ogre.
The two-headed ogre is lightly wounded.
The orc wizard hits you but does no damage.
The wight barely misses you. The wight hits you but does no damage.
The yak gores you but does no damage. The yak closely misses you.
You shoot an arrow. The arrow hits the yak.
The yak is lightly wounded.
The orc wizard hits you but does no damage.
The wight misses you. The yak barely misses you. You furiously retaliate!
You headbutt the yak! The wight misses you. The yak barely misses you.
You furiously retaliate!
You headbutt the yak. You shoot an arrow. The arrow hits the yak!
The yak is severely wounded.
The orc wizard hits you but does no damage.
The wight misses you. x2; The yak gores you!
The yak completely misses you. You furiously retaliate!
You headbutt the yak!
7521 ||| READING 4 scrolls of teleportation.
As you read the scroll of teleportation, it crumbles to dust.
You feel strangely unstable.
The orc wizard hits you but does no damage.
You are electrocuted!!
The wight barely misses you. The yak barely misses you.
The wight closely misses you. The yak closely misses you.
You furiously retaliate!
You headbutt the yak. You shoot an arrow. The arrow barely misses the yak.
The arrow hits the two-headed ogre.
The two-headed ogre is lightly wounded.
The orc wizard points at you and mumbles some strange words.
The magic dart hits you.
The wight hits you but does no damage. x2
The yak misses you. You furiously retaliate!
You headbutt the yak! The yak gores you but does no damage.
You shoot an arrow. The arrow hits the yak!!
You kill the yak!
Okawaru accepts your kill.
The orc wizard hits you with a +1 dagger of electrocution.
You die...

.# .# . # .# .o #. .# ...
#.#### .# ....
#....###z#..... ..
#.....@.OY..... ##
..###+#.....Yoz...... #.
.'.........z.......########.
#.................#........
#.................#....####
#####.......####......##...#
............#..####....#...#
............#.....#....#...#
............#.....#...##...#


You could see a two-headed ogre, 2 yaks, 3 wights and an orc wizard.

Vanquished Creatures
  A two-headed ogre (D:9)
  Pikel (D:8)
  2 wyverns
  A yak (D:9)
  Duvessa (D:4)
  2 water moccasins
  4 orc warriors
  A sky beast (D:7)
  2 black bears
  4 kobold brigands
  3 bullfrogs (D:7)
  A gnoll sergeant (D:7)
  A scorpion (D:6)
  2 wights (D:9)
  Dowan (D:4)
  2 jellies
  A howler monkey (D:9)
  4 hounds
  2 orc priests
  A sleepcap (D:7)
  3 iguanas
  Terence (D:2)
  8 orc wizards
  6 adders
  3 gnolls
  A white imp (D:7)
  3 ufetubi
  3 worms
  3 dart slugs
  25 orcs
  4 bats
  6 endoplasms
  A giant cockroach (D:3)
  8 hobgoblins
  4 quokkas
  6 ball pythons
  4 frilled lizards
  11 goblins
  25 kobolds
  2 rats
164 creatures vanquished.

Notes
Turn   | Place    | Note
-------+----------+-------------------------------------------
     0 | D:1      | qw the Minotaur Hexslinger began the quest for the Orb.
     0 | D:1      | Reached XP level 1. HP: 16/16 MP: 1/1
     0 | D:1      | 0 ||| qw: Version: 0.3-a-52-g30416fa
     0 | D:1      | 0 ||| qw: Game counter: 6797
     0 | D:1      | 0 ||| qw: Melee chars always use a shield: true
     0 | D:1      | 0 ||| qw: God list: Okawaru
     0 | D:1      | 0 ||| qw: Allow faded altars: false
     0 | D:1      | 0 ||| qw: Do Orc after clearing Dungeon:15 true
     0 | D:1      | 0 ||| qw: Do second Lair branch before Depths: true
     0 | D:1      | 0 ||| qw: Lair rune preference: random
     0 | D:1      | 0 ||| qw: Goals: Normal
     0 | D:1      | 0 ||| PLANNING D:1-11
   189 | D:1      | Reached skill level 3 in Ranged Weapons
   231 | D:1      | Reached XP level 2. HP: 23/23 MP: 2/2
   312 | D:1      | 312 ||| SWAPPING to +0 orcbow.
   314 | D:1      | 314 ||| DROPPING +1 sling.
   712 | D:1      | 712 ||| UPGRADING to +0 ring mail.
   722 | D:1      | 722 ||| DROPPING +0 robe.
   723 | D:1      | 723 ||| READING scroll labelled QUEDUS PADO.
   724 | D:1      | 724 ||| READING scroll labelled LEFUDGHA OXAU.
   725 | D:1      | 725 ||| READING 3 scrolls labelled CISERR MYSUTENG.
   726 | D:1      | 726 ||| READING 2 scrolls of identify.
   726 | D:1      | 726 ||| IDENTIFYING orange potion
   727 | D:1      | 727 ||| DROPPING scroll of poison.
   758 | D:2      | Found a faded altar of an unknown god.
   934 | D:2      | Reached XP level 3. HP: 29/29 MP: 3/3
   957 | D:2      | 957 ||| READING scroll of enchant weapon.
   957 | D:2      | 957 ||| ENCHANTING +1 orcbow.
  1311 | D:2      | 1311 ||| UPGRADING to +0 pair of gloves.
  1316 | D:2      | 1316 ||| UPGRADING to ring of resist corrosion.
  1317 | D:2      | 1317 ||| READING 2 scrolls labelled HOXEABROOJO.
  1321 | D:2      | 1321 ||| READING scroll labelled EMAPPO YRIOB.
  1337 | D:3      | Reached skill level 4 in Ranged Weapons
  1345 | D:3      | Reached skill level 1 in Armour
  1504 | D:3      | Reached XP level 4. HP: 36/36 MP: 4/4
  1538 | D:3      | Noticed Terence
  1543 | D:3      | 1543 ||| STAIRDANCE
  1547 | D:2      | HP: 6/36 [Terence/+1 heavy flail (7)]
  1548 | D:2      | 1548 ||| READING scroll of teleportation.
  1549 | D:2      | Killed Terence
  1664 | D:2      | 1664 ||| UPGRADING to +0 pair of boots.
  1669 | D:2      | 1669 ||| READING scroll labelled UMUMIT JOVAX.
  1670 | D:2      | 1670 ||| READING scroll labelled XAMYTIX WAUNOON.
  1733 | D:2      | 1733 ||| READING scroll labelled ZYF BUAMMYRY.
  1734 | D:2      | 1734 ||| READING 2 scrolls of identify.
  1734 | D:2      | 1734 ||| IDENTIFYING bubbling green potion
  1837 | D:3      | Reached skill level 5 in Ranged Weapons
  2126 | D:3      | 2126 ||| UPGRADING to +0 cloak.
  2131 | D:3      | 2131 ||| READING scroll labelled DYUPRU QIHYU.
  2132 | D:3      | 2132 ||| READING scroll labelled YWNOLL DOORE.
  2203 | D:4      | Noticed Dowan
  2204 | D:4      | 2204 ||| FLEEEEING.
  2205 | D:4      | 2205 ||| FLEEEEING.
  2206 | D:4      | 2206 ||| FLEEEEING.
  2213 | D:4      | 2213 ||| FLEEEEING.
  2214 | D:4      | 2214 ||| FLEEEEING.
  2215 | D:4      | 2215 ||| FLEEEEING.
  2216 | D:4      | 2216 ||| FLEEEEING.
  2217 | D:4      | 2217 ||| FLEEEEING.
  2218 | D:4      | 2218 ||| FLEEEEING.
  2219 | D:4      | 2219 ||| FLEEEEING.
  2220 | D:4      | 2220 ||| FLEEEEING.
  2221 | D:4      | 2221 ||| FLEEEEING.
  2222 | D:4      | 2222 ||| FLEEEEING.
  2223 | D:4      | 2223 ||| STAIRDANCE
  2242 | D:3      | 2242 ||| READING 2 scrolls of identify.
  2242 | D:3      | 2242 ||| IDENTIFYING green potion
  2243 | D:3      | 2243 ||| DROPPING potion of degeneration.
  2258 | D:4      | Killed Dowan
  2259 | D:4      | Reached skill level 3 in Fighting
  2259 | D:4      | Reached XP level 5. HP: 45/45 MP: 5/5
  2495 | D:4      | Found a glowing golden altar of the Shining One.
  2651 | D:4      | Noticed Duvessa
  2657 | D:4      | HP: 10/43 [Duvessa/+0 short sword (8)]
  2658 | D:4      | 2658 ||| DRINKING potion of heal wounds.
  2662 | D:4      | HP: 8/43 [Duvessa/+0 short sword (8)]
  2663 | D:4      | Killed Duvessa
  2664 | D:4      | Reached skill level 6 in Ranged Weapons
  2664 | D:4      | Reached XP level 6. HP: 9/51 MP: 6/6
  2890 | D:4      | Found a staircase to the Ecumenical Temple.
  2891 | D:4      | 2891 ||| PLANNING TEMPLE
  2891 | D:4      | 2891 ||| UPGRADING to +2 robe.
  2901 | D:4      | 2901 ||| DROPPING +0 ring mail.
  2902 | D:4      | 2902 ||| READING scroll labelled RAMOFFE GERI.
  2908 | Temple   | Entered the Ecumenical Temple
  2997 | Temple   | 2997 ||| PLANNING D:1-11
  3062 | D:5      | Entered Level 5 of the Dungeon
  3146 | D:5      | Found a sacrificial altar of Ru.
  3188 | D:5      | Found Fiutebbudifa's Armour Shoppe.
  3203 | D:5      | 3203 ||| SHOPLISTING +1 robe "Suew Dess" {rC+ Slay+6
                  | Archmagi} (765 gold, have 241).
  3203 | D:5      | 3203 ||| BUYING +2 pair of boots (214 gold).
  3203 | D:5      | Bought a +2 pair of boots for 214 gold pieces
  3222 | D:5      | 3222 ||| FLEEEEING.
  3223 | D:5      | 3223 ||| FLEEEEING.
  3258 | D:5      | Found Raime's Antique Weapon Emporium.
  3264 | D:5      | Found a transporter.
  3285 | D:5      | Reached skill level 7 in Ranged Weapons
  3312 | D:5      | Found a transporter.
  3313 | D:5      | Found Juvan's Antique Weapon Boutique.
  3376 | D:5      | Noticed a water moccasin
  3384 | D:5      | Killed a water moccasin
  3385 | D:5      | Reached XP level 7. HP: 58/59 MP: 7/7
  3387 | D:5      | Found a glowing silver altar of Zin.
  3597 | D:5      | Found Oczicunn's Magic Scroll Shop.
  3600 | D:5      | 3600 ||| BUYING 2 scrolls of teleportation (72 gold).
  3600 | D:5      | Bought 2 scrolls of teleportation for 72 gold pieces
  3600 | D:5      | 3600 ||| SHOPLISTING scroll of enchant armour (90 gold,
                  | have 4).
  3600 | D:5      | 3600 ||| SHOPLISTING scroll of enchant weapon (90 gold,
                  | have 4).
  3600 | D:5      | 3600 ||| SHOPLISTING scroll of identify (24 gold, have 4).
  3600 | D:5      | 3600 ||| SHOPLISTING scroll of teleportation (36 gold, have
                  | 4).
  3742 | D:5      | 3742 ||| UPGRADING to +2 pair of boots.
  3752 | D:5      | 3752 ||| DROPPING +0 pair of boots.
  3753 | D:5      | 3753 ||| DROPPING ring of magical power.
  3754 | D:5      | 3754 ||| READING 2 scrolls of identify.
  3754 | D:5      | 3754 ||| IDENTIFYING golden potion
  3755 | D:5      | 3755 ||| DROPPING potion of magic.
  3784 | D:6      | Reached skill level 8 in Ranged Weapons
  3833 | D:6      | 3833 ||| Stepping ~*~*~tactically~*~*~ (outnumbered).
  3918 | D:6      | Reached skill level 3 in Dodging
  4064 | D:6      | Found a hazy altar of Hepliaklqana.
  4064 | D:6      | Found a basalt altar of Yredelemnul.
  4065 | D:6      | Found a bloodstained altar of Trog.
  4075 | D:6      | Found a burning altar of Makhleb.
  4141 | D:6      | Reached XP level 8. HP: 40/68 MP: 8/8
  4454 | D:6      | 4454 ||| DROPPING +2 pair of boots.
  4563 | D:7      | 4563 ||| FLEEEEING.
  4564 | D:7      | 4564 ||| FLEEEEING.
  4565 | D:7      | 4565 ||| FLEEEEING.
  4566 | D:7      | 4566 ||| FLEEEEING.
  4567 | D:7      | 4567 ||| FLEEEEING.
  4568 | D:7      | 4568 ||| FLEEEEING.
  4569 | D:7      | 4569 ||| FLEEEEING.
  4570 | D:7      | 4570 ||| FLEEEEING.
  4571 | D:7      | 4571 ||| FLEEEEING.
  4572 | D:7      | 4572 ||| FLEEEEING.
  4573 | D:7      | 4573 ||| STAIRDANCE
  4608 | D:7      | 4608 ||| STAIRDANCE
  4612 | D:6      | Reached skill level 9 in Ranged Weapons
  4638 | D:7      | 4638 ||| STAIRDANCE
  4721 | D:7      | 4721 ||| STAIRDANCE
  4731 | D:6      | Reached skill level 6 in Fighting
  4892 | D:7      | 4892 ||| STAIRDANCE
  4926 | D:7      | 4926 ||| STAIRDANCE
  5214 | D:7      | Reached skill level 10 in Ranged Weapons
  5677 | D:7      | Found a shimmering altar of Xom.
  5744 | D:7      | 5744 ||| UPGRADING to +0 leather armour of fire resistance.
  5997 | D:8      | 5997 ||| STAIRDANCE
  6009 | D:7      | HP: 17/71 [poisoned by a kobold]
  6196 | D:8      | 6196 ||| STAIRDANCE
  6238 | D:8      | 6238 ||| READING scroll of enchant weapon.
  6238 | D:8      | 6238 ||| ENCHANTING +2 orcbow.
  6250 | D:8      | 6250 ||| READING scroll of enchant armour.
  6250 | D:8      | 6250 ||| ENCHANTING +0 pair of gloves.
  6542 | D:8      | Reached XP level 9. HP: 55/79 MP: 9/9
  6745 | D:8      | Noticed Pikel
  6755 | D:8      | Killed Pikel
  6756 | D:8      | Reached skill level 11 in Ranged Weapons
  6854 | D:8      | 6854 ||| DRINKING 3 sedimented ruby potions.
  6854 | D:8      | Gained mutation: You occasionally lose the ability to drink
                  | potions when taking damage. [potion of mutation]
  6854 | D:8      | Gained mutation: Your system is resistant to poisons.
                  | (rPois) [potion of mutation]
  6854 | D:8      | Gained mutation: You are robust. (+10% HP) [potion of
                  | mutation]
  6873 | D:8      | 6873 ||| DRINKING 2 potions of mutation.
  6873 | D:8      | Lost mutation: You occasionally lose the ability to drink
                  | potions when taking damage. [potion of mutation]
  6873 | D:8      | Lost mutation: Your system is resistant to poisons. (rPois)
                  | [potion of mutation]
  6873 | D:8      | Gained mutation: You are dopey. (Int -2) [potion of
                  | mutation]
  6874 | D:8      | 6874 ||| READING 2 scrolls of identify.
  6874 | D:8      | 6874 ||| IDENTIFYING fizzy cyan potion
  6875 | D:8      | 6875 ||| DROPPING potion of ambrosia.
  6940 | D:9      | 6940 ||| Stepping ~*~*~tactically~*~*~ (outnumbered).
  6942 | D:9      | 6942 ||| Stepping ~*~*~tactically~*~*~ (outnumbered).
  6944 | D:9      | 6944 ||| Stepping ~*~*~tactically~*~*~ (outnumbered).
  6946 | D:9      | 6946 ||| Stepping ~*~*~tactically~*~*~ (outnumbered).
  6949 | D:9      | 6949 ||| Stepping ~*~*~tactically~*~*~ (outnumbered).
  7100 | D:9      | 7100 ||| Stepping ~*~*~tactically~*~*~ (outnumbered).
  7102 | D:9      | 7102 ||| Stepping ~*~*~tactically~*~*~ (outnumbered).
  7170 | D:9      | Noticed a two-headed ogre
  7179 | D:9      | Killed a two-headed ogre
  7180 | D:9      | Reached skill level 6 in Armour
  7180 | D:9      | 7180 ||| FLEEEEING.
  7182 | D:9      | 7182 ||| FLEEEEING.
  7199 | D:9      | Reached skill level 12 in Ranged Weapons
  7418 | D:9      | Found a flagged portal.
  7456 | D:9      | Found an iron altar of Okawaru.
  7457 | D:9      | 7457 ||| PLANNING OKAWARU WORSHIP
  7457 | D:9      | Found a sparkling altar of Nemelex Xobeh.
  7458 | D:9      | Found a shadowy altar of Dithmenos.
  7459 | D:9      | Found an opulent altar of Gozag.
  7462 | D:9      | Became a worshipper of Warmaster Okawaru
  7463 | D:9      | 7463 ||| PLANNING D:1-11
  7496 | D:9      | 7496 ||| Stepping ~*~*~tactically~*~*~ (outnumbered).
  7504 | D:9      | 7504 ||| DRINKING 6 potions of curing.
  7504 | D:9      | 7504 ||| (to cure confusion)
  7505 | D:9      | Noticed a two-headed ogre
  7520 | D:9      | HP: 20/87 [yak (9)]
  7521 | D:9      | 7521 ||| READING 4 scrolls of teleportation.
  7521 | D:9      | HP: 3/87 [orc wizard/+1 dagger of electrocution (18)]
  7522 | D:9      | HP: 1/87 [orc wizard/magic dart (2)]
  7523 | D:9      | Slain by an orc wizard

Levels and vault maps discovered:
D:1:      minmay_arrival_nine_rooms, layout_loops_ring
D:2:      layout_loops_cross, dreamdust_ecumenical_altar_statues
D:3:      cheibrodos_old_hovel, layout_loops_ring, minmay_distorted,
          uniq_terence
D:4:      layout_cave_pools, tso_oasis_becter,
          minmay_temple_entry_enclosed_plants, uniq_duvessa
D:5:      layout_basic, mainiacjoe_overflow_paths, mainiacjoe_overflow_alcove_1,
          serial_shops, nicolae_shop_drivethru, shop,
          nicolae_shop_temple_entry_statues_fountains, nicolae_shop_rolled_up,
          chequers_serial_rivers_small_a
D:6:      layout_cave_pools, nicolae_overflow_quartered_altars
D:7:      layout_rooms, mainiacjoe_overflow_alcove_4, serial_co_window_serial,
          co_window_of_opportunity_a, co_window_corner_a, co_window_paths_a,
          co_window_of_opportunity_a, co_window_corner_a, co_window_paths_b,
          co_window_broadway_b, co_window_corner_b, co_window_corner_cb,
          co_window_paths_c, co_window_broadway_a, co_window_broadway_b,
          co_window_unsneaky_path_a, glass_columns_a, glass_columns_a,
          glass_columns_c, glass_columns_b, glass_columns_b,
          chequers_serial_rivers_room_b, kennysheep_pointless_box
D:8:      layout_loops_cross, uniq_pikel
D:9:      layout_irregular_city, mainiacjoe_overflow_alcove_3, enter_bailey_3
Temple:   kb_temple_of_zot

Skill      XL: |  1  2  3  4  5  6  7  8  9 |
---------------+----------------------------+-----
Ranged Weapons | 3 4 5 6 7 8 10 12 | 12.1
Fighting       | 2 3 4 5 7 |  7.7
Armour         | 1 2 6 |  6.0
Dodging        | 3 4 5 |  5.1
Spellcasting   | |  1.0
Hexes          | |  2.0

Action                     |  1- 3 |  4- 6 |  7- 9 || total
---------------------------+-------+-------+-------++-------
   Fire: Sling             |    54 |       |       ||    54
         Orcbow            |    82 |   112 |   345 ||   539
    Use: Scroll            |     7 |     9 |     5 ||    21
         Potion            |       |     1 |     3 ||     4
 Armour: Robe              |    11 |     2 |    36 ||    49
         Ring mail         |     9 |    20 |       ||    29
         Leather armour    |       |       |    54 ||    54
  Dodge: Dodged            |    41 |    33 |   142 ||   216

Table legend:
 A = Non-vault XP
 B = Vault XP
 C = Vault XP percentage of total XP
 D = Non-vault monster count
 E = Vault monster count
 F = Vault count percentage of total count
                 A         B        C        D         E       F
            +---------+---------+-------+---------+---------+-------
      Total |    4780 |     940 |  16.4 |     153 |      11 |   6.7
            +---------+---------+-------+---------+---------+-------
        D:1 |      29 |       0 |   0.0 |      17 |       0 |   0.0
        D:2 |      32 |      36 |  52.9 |      10 |       1 |   9.1
        D:3 |      45 |      17 |  27.4 |      14 |       3 |  17.6
        D:4 |      67 |     216 |  76.3 |      14 |       2 |  12.5
        D:5 |     453 |       0 |   0.0 |      10 |       0 |   0.0
        D:6 |     831 |       0 |   0.0 |      23 |       0 |   0.0
        D:7 |     838 |       0 |   0.0 |      24 |       0 |   0.0
        D:8 |     450 |     663 |  59.6 |      18 |       1 |   5.3
        D:9 |    2035 |       8 |   0.4 |      23 |       4 |  14.8
            +---------+---------+-------+---------+---------+-------
